AoeStats
← 2-way slashing playmaker

Arena

509945626Analyzed
2v2 RM · 2d ago on Sep 28, 2026· 37m 3s· 4 players
Game mode
Random Map
Map size
Medium (4 player)
Population
200
Speed
Normal
Resources
Standard
Victory
Conquest
Starting age
Dark Age
Ending age
Imperial Age
RankedLock teamsTeams togetherTeam positionsShared explorationLock speedFull tech treeHidden civsTurbo modeCheats
Victory
Defeat
🇬🇧 Britons · United Kingdom
846
+14
🇩🇪 Goths · Germany
619
+23
🇸🇦 Mongols · Saudi Arabia
795
-19
🇬🇧 Spanish · United Kingdom
770
-18
DOX BRAZIL
5:11 Loom
7:50 Loom
10:34 Feudal Age
17:31 Castle Age
15:35 Double-Bit Axe
16:18 Horse Collar
16:38 Stone Mining
21:28 Gold Mining
24:48 Town Watch
26:54 Bow Saw
26:52 Heavy Plow
28:03 Caravan
33:50 Imperial Age
32:19 Ballistics
32:56 Scale Barding Armor
33:05 Forging
33:47 Husbandry
34:11 Bloodlines
35:41 Chemistry
xTc
10:06 Feudal Age
15:43 Castle Age
18:05 Double-Bit Axe
24:19 Gold Mining
25:49 Bow Saw
27:44 Horse Collar
30:58 Gold Shaft Mining
35:17 Ballistics
34:52 Fletching
35:03 Padded Archer Armor
36:21 Bodkin Arrow
36:42 Leather Archer Armor
DdoubleM
12:43 Feudal Age
16:37 Castle Age
15:13 Double-Bit Axe
22:35 Fletching
30:06 Imperial Age
27:47 Bodkin Arrow
32:03 Conscription
32:14 Bow Saw
31:57 Gold Mining
34:00 Bracer
35:38 Elite Longbowman
37:57 Ballistics
38:37 Chemistry
2-way slashing playmaker
1:10 Loom
11:45 Feudal Age
15:27 Wheelbarrow
17:10 Double-Bit Axe
17:25 Fletching
21:16 Castle Age
24:47 Hand Cart
25:14 Town Watch
25:03 Elite Skirmisher
29:04 Town Patrol
35:13 Bow Saw
37:06 Horse Collar
Connection lost

Rejoining the realm…

Still unreachable

The connection could not be restored.

Session expired

The server has moved on; the page needs a fresh start.